 Dungeon Crawl Stone Soup version 0.28.0-1-gb440e238dd (webtiles) character file.

Game seed: 16256858990154998111

568446 porpoise the Warrior (level 27, -1/213 HPs)
             Began as a Djinni Conjurer on Feb 15, 2022.
             Was a Priest of Ashenzari.
             Killed by a reflected iron shot
             ... reflected by a tengu reaver
             ... on level 4 of the Depths on Feb 23, 2022.
             The game lasted 10:46:50 (87520 turns).

porpoise the Warrior (Djinni Conjurer)             Turns: 87520, Time: 10:46:51

Health: -1/213     AC: 26    Str:  8    XL:     27
Gold:   3709       EV: 14    Int: 26    God:    Ashenzari [***...] SH: 11 Dex: 17

rFire   + + .      SeeInvis +   a - staff of conjuration
rCold   + . .      Faith    .   T - +2 buckler of Ashenzari's Mistrust {+Blink Regen+, Self, Melee} (curse)
rNeg    + + +      Spirit   .   B - +5 ice dragon scales of Supernal Knowledge {rF- rC++, Cun, Self} (curse)
rPois   ∞          Reflect  .   t - +0 helmet of the Sky {rElec SInv, Fort, Self} (curse)
rElec   +          Harm     .   Y - scarf of Ashenzari's Repose {repulsion, Self, Cun} (curse)
rCorr   +          Rampage  .   O - +1 pair of gloves of Ashenzari's Moon {Dex+3, Range, Cun} (curse)
Will    +++..      Clarity  +   (boots unavailable)
Stlth   ++++......              I - amulet "Xaeliroz" {Regen+ rCorr}
HPRegen 2.05/turn               u - ring of wizardry
MPRegen 0.00/turn               P - ring "Xahofruph" {*Slow rPois rF+ rN+++ Str-2}

@: unable to drink, flying, studying 3 skills, repel missiles
A: sickness immunity, fire resistance 2, cold vulnerability 1, float, innate
caster, HP casting, extra vitality 1, strong-willed 1, weak 1
}: 4/15 runes: barnacled, slimy, silver, gossamer
a: Renounce Religion, Evoke Blink, Curse Item, Shatter the Chains


You were on level 4 of the Depths.
You worshipped Ashenzari.
Ashenzari was most pleased with you.
You visited 11 branches of the dungeon, and saw 52 of its levels.
You visited the Abyss 2 times.
You also visited: Gauntlet and Desolation.

You collected 7489 gold pieces.
You spent 3780 gold pieces at shops.

Inventory:

Hand Weapons
 q - a +4 sacred scourge of holy wrath
 w - the +9 hand crossbow of Generosity {penet, Dex+4 SInv}
   (You found it in the Desolation of Salt)

   Any ammunition fired by it passes through the targets it hits, potentially
   hitting all targets in its path until it reaches maximum range.
   Dex:       It affects your dexterity (+4).
   SInv:      It lets you see invisible.
Missiles
 c - 1115 stones (quivered)
 k - 1865 bolts
 y - 5 poisoned darts
 C - a javelin
 E - 2 datura-tipped darts
Armour
 t - the cursed +0 helmet of the Sky (worn) {rElec SInv, Fort, Self}
   (You took it off Robin on level 3 of the Dungeon)

   rElec:     It insulates you from electricity.
   SInv:      It lets you see invisible.
   It has a curse which improves the following skills: Fortitude: Armour and
   Shields.
   Introspection: Fighting and Spellcasting.
 B - the cursed +5 ice dragon scales of Supernal Knowledge (worn) {rF- rC++, Cun, Self}
   (You bought it in a shop on level 3 of the Elven Halls)

   rF:        It makes you vulnerable to fire.
   rC:        It greatly protects you from cold.
   It has a curse which improves the following skills: Cunning: Dodging and
   Stealth.
   Introspection: Fighting and Spellcasting.
 O - the cursed +1 pair of gloves of Ashenzari's Moon (worn) {Dex+3, Range, Cun}
   (You found it in a Gauntlet)

   It has a curse which improves the following skills: Ranged Combat: Slings,
   Bows, Crossbows and Throwing.
   Cunning:   Dodging and Stealth.
 T - the cursed +2 buckler of Ashenzari's Mistrust (worn) {+Blink Regen+, Self, Melee}
   (You bought it in a shop on level 3 of the Elven Halls)

   +Blink:    It lets you blink.
   Regen:     It increases your rate of health regeneration.
   It has a curse which improves the following skills: Introspection: Fighting
   and Spellcasting.
   Melee Combat: Short Blades, Long Blades, Axes, Maces & Flails, Polearms,
   Staves and Unarmed Combat.
 Y - the cursed scarf of Ashenzari's Repose (worn) {repulsion, Self, Cun}
   (You found it on level 2 of the Elven Halls)

   It has a curse which improves the following skills: Introspection: Fighting
   and Spellcasting.
   Cunning:   Dodging and Stealth.
Magical Staves
 a - a staff of conjuration (weapon)
 b - a staff of cold
Jewellery
 u - a ring of wizardry (left hand)
 G - a ring of fire
 I - the amulet "Xaeliroz" (around neck) {Regen+ rCorr}
   (You found it on level 3 of the Crypt)

   [amulet of regeneration]

   Regen:     It increases your rate of health regeneration.
   rCorr:     It protects you from acid and corrosion.
 P - the ring "Xahofruph" (right hand) {*Slow rPois rF+ rN+++ Str-2}
   (You found it on level 5 of the Pits of Slime)

   [ring of protection from fire]

   Str:       It affects your strength (-2).
   rF:        It protects you from fire.
   rPois:     It protects you from poison.
   rN:        It renders you almost immune to negative energy.
   *Slow:     It may slow you when you take damage.
Wands
 d - a wand of digging (21)
 e - a wand of iceblast (46)
 i - a wand of acid (46)
 j - a wand of mindburst (12)
 x - a wand of paralysis (22)
Scrolls
 f - 20 scrolls of teleportation
 m - 5 scrolls of torment
 r - 8 scrolls of fear
 s - 13 scrolls of blinking
 D - 4 scrolls of summoning
 F - 3 scrolls of holy word
 S - 8 scrolls of vulnerability
 X - 7 scrolls of fog
 Z - a scroll of silence
Potions
 g - 5 potions of haste
 l - 23 potions of curing
 n - 8 potions of mutation
 p - 6 potions of resistance
 v - 7 potions of lignification
 z - 15 potions of attraction
 A - 9 potions of heal wounds
 J - 10 potions of ambrosia
 K - a potion of cancellation
 N - 4 potions of invisibility
Miscellaneous
 h - a phantom mirror
 o - a phial of floods
 L - a lightning rod (4/4)
 M - a condenser vane
 Q - a tin of tremorstones (2/2)
 U - a piece from Xom's chessboard (15/15)
 V - a box of beasts


   Skills:
 - Level 19.0(22.6) Fighting
 - Level 9.5(11.1) Staves
 - Level 7.6(9.2) Crossbows
 - Level 12.1(13.6) Throwing
 * Level 17.7(19.2) Armour
 - Level 15.6(18.7) Dodging
 - Level 12.1(15.3) Stealth
 - Level 16.7(18.1) Shields
 * Level 18.2(21.9) Spellcasting
 - Level 12.0 Evocations


You couldn't memorise any spells.
You knew the following spells:

 Your Spells              Type           Power      Damage    Failure   Level
a - Magic Dart            Conj           100%       1d8       0%          1
b - Searing Ray           Conj           100%       2d8       0%          2
c - Fulminant Prism       Conj/Hex       60%        3d27      0%          4
d - Iskenderun's Mystic   Conj/Tloc      100%       2d19      0%          4
e - Iron Shot             Conj/Erth      60%        9d11      1%          6
f - Cause Fear            Hex            48%        N/A       0%          4
g - Summon Guardian Gole  Hex/Summ       97%        N/A       0%          3
h - Ensorcelled Hibernat  Hex/Ice        100%       N/A       0%          2
i - Dispersal             Tloc           48%        N/A       1%          6
j - Summon Horrible Thin  Summ           48%        N/A       2%          8
l - Dazzling Flash        Conj/Hex       100%       N/A       0%          3
n - Animate Dead          Necr           48%        N/A       0%          4
r - Irradiate             Conj/Tmut      60%        3d33      1%          5
s - Sandblast             Erth           100%       2d20      0%          1
t - Starburst             Conj/Fire      60%        6d16      1%          6
v - Polar Vortex          Ice            48%        N/A       34%         9
x - Dragon Form           Tmut           48%        N/A       1%          7
z - Ozocubu's Refrigerat  Ice            48%        4d14      1%          7
Your spell library was empty.

Dungeon Overview and Level Annotations

Branches:
Dungeon (15/15)            Temple (1/1) D:7            Lair (6/6) D:11
 Shoals (4/4) Lair:4       Spider (4/4) Lair:2        Slime (5/5) Lair:6
    Orc (2/2) D:12            Elf (3/3) Orc:2        Vaults (5/5) D:14
  Crypt (3/3) Vaults:3       Tomb (0/3) Crypt:3      Depths (4/4) D:15
Desolation (visited)      Gauntlet (visited)
    Zot: Depths:4

Altars:
Ashenzari
Cheibriados
Dithmenos
Elyvilon
Fedhas
Gozag
Hepliaklqana
Kikubaaqudgha
Makhleb
Nemelex Xobeh
Okawaru
Qazlal
Ru
Sif Muna
Trog
Uskayaw
Vehumet
Wu Jian
Xom
Yredelemnul
Zin
The Shining One
Jiyva
Lugonu

Shops:
Orc:1 !   Orc:2 [***   Elf:1 (   Elf:2 ?   Elf:3 [   Vaults:1 (   Vaults:3 =(?
Depths:2 [*:

Portals:
Hell: Depths:1 Depths:3
Abyss: Vaults:1 Depths:3
Pandemonium: Depths:2
Ziggurat: Depths:3
Trove: Vaults:3 (give +6 demon blade)

Annotations:
Slime:2 exclusion: downstairs
Slime:3 1 exclusion
Vaults:4 2 transporters


Innate Abilities, Weirdness & Mutations

You are immune to sickness and miasma.
You are immune to poison.
Your flesh is very heat resistant. (rF++)
You are vulnerable to cold. (rC-)
You float through the air rather than walking.
You learn spells naturally, not from books.
Your magical power is your life essence.
You have superior vitality. (+4 MHP)
You are strong-willed. (Will+)
You are weak. (Str -2)


Message History

The +0 ice dragon scales are intact enough to wear.
The tengu reaver points at you and mumbles some strange words.
The bolt of acid hits you!! You resist.
The white draconian stormcaller mumbles some strange prayers to Qazlal.
A shadow dragon comes into view.
Casting: Iron Shot (safe; 1% risk of failure)
Confirm with . or Enter, or press ? or * to list all spells.
Aiming: Iron Shot (safe; 1% risk of failure)
Press: ? - help, Shift-Dir - straight line, f - white draconian stormcaller
Aim: a white draconian stormcaller, wielding a +0 long sword and wearing a +0 cloak (moderately wounded, 81% to hit)
You feel a surge of power!
The iron shot hits the white draconian stormcaller!!!
The white draconian stormcaller is almost dead.
* * * LOW HITPOINT WARNING * * *
A stone giant comes into view.
The white draconian stormcaller calls down the wrath of Qazlal upon you.
Qazlal smites you!
* * * LOW HITPOINT WARNING * * *
The death drake closely misses you.
Casting: Iron Shot (safe; 1% risk of failure)
Confirm with . or Enter, or press ? or * to list all spells.
Aiming: Iron Shot (safe; 1% risk of failure)
Press: ? - help, Shift-Dir - straight line, f/p - white draconian stormcaller
Aim: a white draconian stormcaller, wielding a +0 long sword and wearing a +0 cloak (almost dead, 81% to hit)
You feel a surge of power!
The iron shot hits the white draconian stormcaller!!!
You kill the white draconian stormcaller!
The death drake disappears in a puff of smoke!
The wind drake disappears in a puff of smoke!
* * * LOW HITPOINT WARNING * * *
A storm dragon comes into view.
Casting: Iron Shot (safe; 1% risk of failure)
Confirm with . or Enter, or press ? or * to list all spells.
Aiming: Iron Shot (safe; 1% risk of failure)
Press: ? - help, Shift-Dir - straight line, f - tengu reaver
Aim: a tengu reaver, wielding a +0 broad axe, wearing a +0 scale mail of cold resistance and wearing a +1 buckler of reflection (heavily wounded, 66% to hit)
You feel a surge of power!
The tengu reaver reflects the iron shot off its +1 buckler of reflection!
The iron shot hits you!!!
You die...

, * , #...# ,
, * * #...# *
, #...# *
{#...# ,* ,
** #...#
#...# *** ,
,, #.§.#####D
,, ,
#.§..)..C. ,
, , ,
###.@.###..#*
* ,, ,#.≈.Q)#
*# , ,
,,#≈≈...#, ,
* +...(...# *
* +...)..## *
, * , ,
,#≈≈..D##, *
, ,#†≈...+,,
* ,###...#*,
, , , , #....
*


You could see a shadow dragon, a storm dragon, a stone giant and a tengu reaver.

Vanquished Creatures
  the Royal Jelly (Slime:5)
  Dissolution (Slime:3)
  4 dread liches
  Mara (Shoals:4)
  Khufu (Crypt:1)
  An ancient lich (Vaults:5)
  Mennas (Crypt:1)
  2 royal mummies (Crypt:1)
  Margery (Crypt:3)
  Xtahua (Vaults:2)
  The ghost of heteroy the Petrodigitator, a veteran GrEE of Vehumet (Vaults:1)
  4 golden dragons
  Nikola (Depths:1)
  A bone dragon (Crypt:3)
  Arachne (Spider:4)
  A hellephant (Vaults:1)
  A tentacled monstrosity (Vaults:5)
  4 liches
  Jorgrun (Elf:1)
  2 deep elf blademasters (Elf:3)
  3 quicksilver dragons (Vaults:5)
  10 titans
  21 acid blobs
  2 deep elf master archers (Elf:3)
  3 tentacled starspawn
  Polyphemus (Shoals:2)
  6 sphinxes
  7 ancient champions
  2 krakens
  5 tengu reavers
  Roxanne (Shoals:1)
  Gastronok (Lair:3)
  A shadow dragon (shapeshifter) (Vaults:5)
  4 shadow dragons (Vaults:5)
  Agnes (Spider:1)
  2 storm dragons
  6 fire giants
  2 revenants
  8 deep elf sorcerers
  4 azure jellies (Slime:5)
  An imperial myrmidon (Desolation)
  Aizul (Depths:1)
  13 rockslimes
  5 emperor scorpions
  2 cacodemons (Vaults:1)
  9 ghouls
  A curse skull (Crypt:2)
  24 vault wardens
  6 frost giants
  The ghost of SafestHooves the Brawler, a journeyman CeMo of Okawaru (D:15)
  A draconian stormcaller (Depths:4)
  7 ghost moths
  An iron dragon (Vaults:5)
  An orc warlord (Vaults:1)
  9 deep elf elementalists (Elf:3)
  6 quicksilver oozes
  A quicksilver ooze (shapeshifter) (D:15)
  22 very ugly things
  14 ironbound preservers
  3 war gargoyles
  15 stone giants
  3 broodmothers
  6 ironbound thunderhulks
  4 deep elf demonologists
  5 vampire knights
  6 deep elf annihilators
  Nessos (D:12)
  A minotaur (Gauntlet)
  7 dire elephants (Vaults:1)
  A black draconian (Depths:4)
  4 entropy weavers
  4 halazid warlocks (Desolation)
  5 spark wasps
  2 crystal guardians
  6 merfolk impalers
  10 ettins
  An eidolon (Crypt:2)
  3 merfolk javelineers
  9 deep elf death magi
  8 jiangshi
  6 ragged hierophants (Desolation)
  2 fire dragons
  Josephine (Lair:4)
  A mummy priest (Crypt:3)
  13 great orbs of eyes
  4 deep elf high priests
  2 spriggan zombies
  17 yaktaur captains
  17 servants of whispers (Desolation)
  37 vault guards
  6 hydras
  4 ice dragons
  3 jorogumos
  A rakshasa (Depths:1)
  4 ogre magi
  2 spriggan skeletons
  3 catoblepae
  16 peacekeepers
  2 quicksilver dragon skeletons
  3 spriggan air magi
  Harold (D:11)
  4 boulder beetles
  3 merfolk avatars
  10 ironbound frosthearts
  A radroach (Spider:2)
  5 centaur warriors
  Erica (Orc:1)
  3 death knights
  26 dancing weapons
  8 deep troll shamans
  A merfolk aquamancer (Shoals:4)
  4 tengu warriors
  12 two-headed ogres
  An alligator (shapeshifter) (Vaults:5)
  11 death yaks
  3 orc high priests (Elf:1)
  A vampire mage (Crypt:1)
  The ghost of lake5 the Geomancer, a journeyman GrEE of Vehumet (Orc:1)
  7 deep troll earth magi
  2 thrashing horrors (Abyss:2)
  A spriggan berserker (Depths:3)
  4 soul eaters
  15 hell knights
  A spriggan (Depths:3)
  2 wretched stars
  Nergalle (D:11)
  The ghost of BeingJoeMalik the Destroyer, a novice TeCj of Sif Muna (D:9)
  13 deep elf knights
  A golden dragon zombie (Depths:2)
  8 iron trolls
  13 skeletal warriors
  2 sun moths
  5 pharaoh ants
  3 shadow wraiths (Crypt:3)
  A salamander mystic (Depths:3)
  A spark wasp zombie (Depths:2)
  2 spatial maelstroms
  2 flayed ghosts (Crypt:2)
  6 sea snakes
  2 bog bodies (Crypt:2)
  3 anaconda zombies
  4 glowing orange brains
  35 deep trolls
  A ghost moth zombie (Crypt:3)
  5 steelbarb worms
  8 phantasmal warriors
  10 deep elf archers
  2 starcursed masses (Abyss:3)
  9 orb spiders
  A broodmother zombie (Crypt:1)
  10 necromancers
  12 lindwurms
  5 orc knights
  25 ironbound convokers
  6 harpies
  An oklob plant (Lair:5)
  A tengu zombie (Vaults:2)
  5 wizards
  11 cyclopes
  33 deep elf pyromancers
  5 shining eyes
  3 salamanders (Depths:3)
  2 orc sorcerers
  2 human zombies (Vaults:2)
  A faun (Shoals:3)
  A worldbinder (Abyss:3)
  20 deep elf zephyrmancers
  21 wolf spiders
  15 manticores
  35 elephants
  53 ugly things
  2 merfolk sirens
  2 eyes of devastation
  A fire giant skeleton (Vaults:1)
  5 moths of wrath
  6 black mambas
  21 vault sentinels
  An eleionoma skeleton (Crypt:1)
  11 water nymphs
  2 guardian serpents (Desolation)
  An apocalypse crab (Vaults:1)
  2 molten gargoyles (Desolation)
  2 gargoyles
  A rust devil (Abyss:3)
  Joseph (D:7)
  An eye of devastation (shapeshifter) (Gauntlet)
  5 torpor snails
  2 unseen horrors
  An alligator snapping turtle zombie (Crypt:1)
  A dire elephant skeleton (Crypt:2)
  5 orange demons
  15 cane toads
  A rime drake (shapeshifter) (Vaults:5)
  3 rime drakes
  2 kobold demonologists (D:9)
  7 komodo dragons
  2 hellions (Crypt:3)
  An efreet (Abyss:1)
  11 demonic crawlers
  3 tengu conjurers
  2 elf zombies
  5 freezing wraiths
  A yaktaur zombie (Vaults:1)
  2 red devils (Depths:2)
  44 yaktaurs
  2 tormentors
  13 merfolk
  A black draconian skeleton (Crypt:2)
  3 guardian mummies (Crypt:3)
  3 ice devils
  A redback zombie (Crypt:3)
  A polar bear (shapeshifter) (Vaults:5)
  A yaktaur skeleton (Vaults:2)
  A sea snake skeleton (Crypt:1)
  2 ancient zymes
  A golden dragon simulacrum (Crypt:2)
  3 harpy zombies
  2 polar bears
  A queen bee (D:12)
  8 wind drakes
  10 meliai
  10 trolls
  16 tarantellas
  2 harpy skeletons
  5 raiju
  96 slime creatures
  4 hornets
  72 saltlings (Desolation)
  A sphinx simulacrum (Vaults:2)
  An ettin zombie (Crypt:3)
  A human simulacrum (Vaults:2)
  17 blink frogs
  10 snapping turtles
  3 dream sheep (Shoals:3)
  A meliai zombie (Crypt:3)
  An iron dragon simulacrum (Depths:2)
  12 culicivoras
  A guardian serpent skeleton (Crypt:1)
  10 water elementals
  5 air elementals (Elf:3)
  7 flying skulls (Crypt:1)
  2 ice dragon skeletons
  3 ynoxinuls
  22 jumping spiders
  2 shadows
  7 wraiths
  2 vampires
  10 large abominations
  Eustachio (D:5)
  9 fire elementals
  6 basilisks
  4 ushabtiu (Crypt:3)
  5 golden eyes
  9 wyverns
  50 redbacks
  2 fire bats (Abyss:3)
  A neqoxec (Gauntlet)
  39 yaks
  A steam dragon (shapeshifter) (D:15)
  2 steam dragons (Gauntlet)
  8 vampire mosquitoes
  4 chaos spawn
  2 elf skeletons
  A deep troll zombie (Crypt:2)
  A harpy simulacrum (Crypt:2)
  A naga zombie (Crypt:1)
  3 spatial vortices (Abyss:2)
  A warg (Orc:1)
  2 acid dragons
  18 water moccasins
  8 small abominations
  A hell hound (Abyss:2)
  Edmund (D:5)
  A floating eye (D:14)
  A sky beast (D:6)
  A swamp drake (D:12)
  37 orc warriors
  A black bear (Lair:6)
  An ettin simulacrum (Vaults:1)
  2 necrophages
  A swamp dragon zombie (Crypt:3)
  9 ogres
  A boggart (D:14)
  14 wolves
  A torpor snail zombie (Crypt:2)
  28 centaurs
  A phantom (D:5)
  11 kobold brigands
  Blork the orc (D:6)
  16 bullfrogs
  A scorpion (D:5)
  3 earth elementals (Elf:3)
  A wyvern skeleton (D:6)
  A water moccasin skeleton (D:5)
  21 killer bees (D:12)
  A troll skeleton (Crypt:2)
  5 wights (Abyss:2)
  2 howler monkeys
  2 electric eels (Elf:3)
  A crimson imp (Abyss:2)
  4 centaur zombies
  A bullfrog zombie (D:6)
  3 hounds
  A basilisk zombie (Crypt:3)
  6 jellies
  A gnoll shaman (D:10)
  18 orc priests
  2 centaur skeletons
  An iron imp (Crypt:3)
  2 bullfrog skeletons
  4 iguanas
  19 orc wizards
  2 killer bee zombies (D:8)
  A felid skeleton (Crypt:2)
  A demigod zombie (Crypt:3)
  A tengu skeleton (Crypt:2)
  A hound zombie (D:5)
  13 mummies
  A howler monkey zombie (D:9)
  Robin (D:3)
  13 adders
  3 gnolls (D:10)
  A howler monkey skeleton (Crypt:1)
  A white imp (D:6)
  A worm (D:5)
  2 dart slugs (D:2)
  80 orcs
  7 endoplasms
  A giant cockroach (D:4)
  7 hobgoblins
  4 jackals
  16 kobolds
  3 quokkas (D:2)
  9 ball pythons
  7 bats
  A dart slug zombie (Crypt:1)
  3 frilled lizards
  17 goblins
  A goblin zombie (Crypt:2)
  A hobgoblin zombie (Crypt:1)
  4 rats
  3 fulminant prisms
  2 starspawn tentacles (Abyss:2)
  4 tentacles
2195 creatures vanquished.

Vanquished Creatures (collateral kills)
  A bone dragon (Crypt:3)
  A revenant (Crypt:3)
  A rockslime (Slime:1)
  A bunyip (shapeshifter) (Vaults:1)
  A mummy priest (Crypt:3)
  A rakshasa (Vaults:1)
  4 slime creatures
  A ynoxinul (Abyss:3)
  A golden eye (Slime:2)
  A kobold brigand (D:14)
13 creatures vanquished.

Vanquished Creatures (others)
  A centaur warrior (Orc:2)
  A deep elf knight (Elf:1)
  A meliai (D:12)
  398 fulminant prisms
  65 fungi
  151 plants
  6 starspawn tentacles (Abyss:3)
  4 tentacles
  A withered plant (Desolation)
628 creatures vanquished.

Grand Total: 2836 creatures vanquished

Notes
Turn   | Place    | Note
-------+----------+-------------------------------------------
     0 | D:1      | porpoise the Djinni Conjurer began the quest for the Orb.
     0 | D:1      | Reached XP level 1. HP: 15/15 MP: 0/0
   231 | D:1      | Reached XP level 2. HP: 11/22 MP: 0/0
   529 | D:1      | Reached skill level 1 in Fighting
  1130 | D:1      | Reached XP level 3. HP: 26/27 MP: 0/0
  1130 | D:1      | Learned a level 1 spell: Sandblast
  1621 | D:2      | You are sucked into a shaft and drop 1 floor!
  1695 | D:3      | Identified the +0 helmet "Qiyc" {rElec SInv}
  1695 | D:3      | Noticed Robin
  1765 | D:3      | Reached skill level 2 in Fighting
  1765 | D:3      | Reached XP level 4. HP: 18/33 MP: 0/0
  1900 | D:2      | Found a faded altar of an unknown god.
  2809 | D:2      | Reached XP level 5. HP: 36/39 MP: 0/0
  2809 | D:2      | Learned a level 2 spell: Ensorcelled Hibernation
  3031 | D:3      | Killed Robin
  3991 | D:4      | Noticed an ogre
  4043 | D:4      | Reached skill level 3 in Fighting
  4208 | D:4      | Reached XP level 6. HP: 14/46 MP: 0/0
  4579 | D:4      | Killed an ogre
  4952 | D:4      | Reached XP level 7. HP: 48/51 MP: 0/0
  4952 | D:4      | Learned a level 3 spell: Summon Guardian Golem
  5020 | D:5      | Entered Level 5 of the Dungeon
  5100 | D:5      | Reached skill level 4 in Fighting
  5158 | D:5      | Noticed Edmund
  5169 | D:5      | Killed Edmund
  5185 | D:5      | Reached skill level 5 in Spellcasting
  5609 | D:5      | Reached skill level 5 in Fighting
  5609 | D:5      | Reached XP level 8. HP: 57/59 MP: 0/0
  5675 | D:5      | Noticed Eustachio
  5687 | D:5      | Killed Eustachio
  6634 | D:6      | Reached skill level 6 in Fighting
  6736 | D:6      | Identified the +8 trident "Tyiseny" {vamp, Dex+2}
  6791 | D:6      | Noticed Blork the orc
  7111 | D:6      | Killed Blork the orc
  7381 | D:6      | Reached XP level 9. HP: 44/67 MP: 0/0
  7381 | D:6      | Learned a level 4 spell: Cause Fear
  7960 | D:6      | Reached skill level 7 in Fighting
  8427 | D:6      | Noticed a troll
  8431 | D:6      | Killed a troll
  8432 | D:6      | Reached skill level 5 in Stealth
  9189 | D:7      | Noticed Joseph
  9347 | D:7      | Found a staircase to the Ecumenical Temple.
  9363 | Temple   | Entered the Ecumenical Temple
  9598 | Temple   | Became a worshipper of Ashenzari the Shackled
  9796 | D:7      | Noticed a hornet
  9807 | D:7      | Killed a hornet
  9808 | D:7      | Reached skill level 1 in Evocations
 10162 | D:7      | Killed Joseph
 10163 | D:7      | Reached skill level 8 in Fighting
 10163 | D:7      | Reached XP level 10. HP: 30/76 MP: 0/0
 11776 | D:8      | Found a white marble altar of Elyvilon.
 11784 | D:8      | Identified the +0 buckler "Uvuiner" {rPois Str+2}
 11869 | D:9      | Found a runed translucent gate.
 11872 | D:9      | Noticed a kobold demonologist
 11977 | D:9      | Identified the +0 chain mail of Temperance {MP+9}
 11988 | D:9      | HP: 2/78 [large slime creature (34)]
 12003 | D:9      | Found a runed translucent gate.
 12003 | D:9      | Found a runed translucent gate.
 12291 | D:9      | Noticed a kobold demonologist
 12367 | D:9      | Noticed BeingJoeMalik's ghost (novice TeCj)
 12412 | D:9      | Reached * piety under Ashenzari
 12514 | D:9      | Found an opulent altar of Gozag.
 12593 | D:9      | Reached skill level 1 in Armour
 12917 | D:10     | Entered Level 10 of the Dungeon
 12992 | D:10     | Reached skill level 5 in Dodging
 13099 | D:10     | Reached XP level 11. HP: 83/85 MP: 0/0
 13099 | D:10     | Learned a level 4 spell: Animate Dead
 13517 | D:10     | Identified the +5 long sword of Koirr {antimagic, Int+4}
 14020 | D:10     | Reached skill level 5 in Evocations
 14217 | D:11     | Reached skill level 1 in Shields
 14550 | D:11     | Noticed Harold
 14563 | D:11     | HP: 1/85 [Harold (6)]
 14821 | D:11     | Noticed Nergalle
 14823 | D:11     | Noticed a two-headed ogre
 15045 | D:11     | Killed Harold
 15252 | D:11     | Reached skill level 9 in Fighting
 15316 | D:11     | Killed Nergalle
 15392 | D:11     | Noticed a two-headed ogre
 15488 | D:11     | Killed a two-headed ogre
 15590 | D:11     | Reached XP level 12. HP: 67/93 MP: 0/0
 15825 | D:11     | Reached skill level 10 in Fighting
 15963 | D:11     | Killed a two-headed ogre
 16307 | D:11     | Found a staircase to the Lair.
 16638 | Lair:1   | Entered Level 1 of the Lair of Beasts
 17928 | Lair:2   | Reached ** piety under Ashenzari
 18228 | Lair:2   | Reached skill level 5 in Armour
 18313 | Lair:2   | Reached skill level 11 in Fighting
 18313 | Lair:2   | Reached skill level 10 in Spellcasting
 18313 | Lair:2   | Reached XP level 13. HP: 69/102 MP: 0/0
 18313 | Lair:2   | Learned a level 5 spell: Irradiate
 18667 | Lair:2   | Identified the +8 spear "Kypt" {vorpal, rN+ Will++}
 18816 | Lair:2   | Found a hole to the Spider Nest.
 18889 | Lair:2   | Found an opulent altar of Gozag.
 19585 | Lair:3   | Reached *** piety under Ashenzari
 19985 | Lair:3   | Noticed Gastronok
 19997 | Lair:3   | Killed Gastronok
 19998 | Lair:3   | Reached skill level 12 in Fighting
 20729 | Lair:4   | Found a gate leading to a gauntlet.
 20738 | Gauntlet | Entered a Gauntlet
 20738 | Gauntlet | Found a transporter.
 20738 | Gauntlet | Found a transporter.
 20738 | Gauntlet | Found a runed translucent door.
 20739 | Gauntlet | Found a runed translucent door.
 20754 | Gauntlet | Found a transporter.
 20758 | Gauntlet | Found a transporter.
 20767 | Gauntlet | Found a transporter.
 20770 | Gauntlet | Found a transporter.
 20778 | Gauntlet | Found a transporter.
 20778 | Gauntlet | Identified the ring "Ydipi" {rN+ rCorr MP-9 Dex+3}
 20798 | Gauntlet | Found a transporter.
 20798 | Gauntlet | Noticed a jorogumo
 20799 | Gauntlet | Identified the amulet "Ijitas" {Reflect rPois Dex+2 SH+5}
 20799 | Gauntlet | Noticed a bunyip
 20799 | Gauntlet | a jorogumo changed into a bunyip
 20801 | Gauntlet | Noticed a spark wasp
 20801 | Gauntlet | a bunyip changed into a spark wasp
 20808 | Gauntlet | Noticed a jorogumo
 20808 | Gauntlet | a spark wasp changed into a jorogumo
 20811 | Gauntlet | Noticed a broodmother
 20811 | Gauntlet | a jorogumo changed into a broodmother
 20814 | Gauntlet | Noticed a quicksilver ooze
 20814 | Gauntlet | a broodmother changed into a quicksilver ooze
 20815 | Gauntlet | Found a transporter.
 20815 | Gauntlet | Noticed a minotaur
 20815 | Gauntlet | a quicksilver ooze changed into a minotaur
 20816 | Gauntlet | Noticed a catoblepas
 20816 | Gauntlet | a minotaur changed into a catoblepas
 20817 | Gauntlet | Noticed a storm dragon
 20817 | Gauntlet | a catoblepas changed into a storm dragon
 20819 | Gauntlet | Found a transporter.
 20825 | Gauntlet | Noticed an emperor scorpion
 20825 | Gauntlet | a storm dragon changed into an emperor scorpion
 20826 | Gauntlet | Noticed an azure jelly
 20826 | Gauntlet | an emperor scorpion changed into an azure jelly
 20831 | Gauntlet | Found a transporter.
 20832 | Gauntlet | Found a transporter.
 20833 | Gauntlet | Identified the ring of the Frog {Dex+6 SInv}
 21060 | Gauntlet | Gained mutation: Potions are less effective at restoring
                  | your health. [a neqoxec]
 21119 | Gauntlet | Noticed a fire dragon
 21123 | Gauntlet | Noticed a ghost moth
 21123 | Gauntlet | a fire dragon changed into a ghost moth
 21125 | Gauntlet | Noticed a minotaur
 21125 | Gauntlet | a ghost moth changed into a minotaur
 21126 | Gauntlet | Noticed an eleionoma
 21129 | Gauntlet | Noticed an azure jelly
 21129 | Gauntlet | a minotaur changed into an azure jelly
 21139 | Gauntlet | Noticed a dire elephant
 21139 | Gauntlet | an azure jelly changed into a dire elephant
 21143 | Gauntlet | Noticed a catoblepas
 21143 | Gauntlet | a dire elephant changed into a catoblepas
 21144 | Gauntlet | Noticed a juggernaut
 21144 | Gauntlet | a catoblepas changed into a juggernaut
 21150 | Gauntlet | Noticed a titan
 21152 | Gauntlet | Noticed a shard shrike
 21152 | Gauntlet | a titan changed into a shard shrike
 21153 | Gauntlet | Noticed a juggernaut
 21153 | Gauntlet | a shard shrike changed into a juggernaut
 21157 | Gauntlet | Noticed a shadow dragon
 21157 | Gauntlet | a juggernaut changed into a shadow dragon
 21158 | Gauntlet | Noticed a fenstrider witch
 21158 | Gauntlet | a shadow dragon changed into a fenstrider witch
 21160 | Gauntlet | Noticed a quicksilver dragon
 21160 | Gauntlet | a fenstrider witch changed into a quicksilver dragon
 21173 | Gauntlet | a quicksilver dragon changed into an iron troll
 21174 | Gauntlet | Noticed a shadow dragon
 21174 | Gauntlet | an iron troll changed into a shadow dragon
 21175 | Gauntlet | Noticed a frost giant
 21182 | Gauntlet | Noticed an iron dragon
 21182 | Gauntlet | a shadow dragon changed into an iron dragon
 21183 | Gauntlet | Noticed an iron giant
 21183 | Gauntlet | an iron dragon changed into an iron giant
 21185 | Gauntlet | Noticed a golden dragon
 21185 | Gauntlet | an iron giant changed into a golden dragon
 21187 | Gauntlet | Noticed an iron giant
 21187 | Gauntlet | a golden dragon changed into an iron giant
 21190 | Gauntlet | Noticed a shadow dragon
 21190 | Gauntlet | an iron giant changed into a shadow dragon
 21202 | Gauntlet | Noticed an azure jelly
 21202 | Gauntlet | a frost giant changed into an azure jelly
 21212 | Gauntlet | Noticed a fire giant
 21212 | Gauntlet | an azure jelly changed into a fire giant
 21237 | Gauntlet | Noticed a fire giant
 21241 | Gauntlet | Noticed a sphinx
 21241 | Gauntlet | a fire giant changed into a sphinx
 21243 | Gauntlet | Noticed a fire giant
 21243 | Gauntlet | a sphinx changed into a fire giant
 21246 | Gauntlet | Noticed an alligator snapping turtle
 21246 | Gauntlet | a fire giant changed into an alligator snapping turtle
 21249 | Gauntlet | Noticed an iron giant
 21249 | Gauntlet | an alligator snapping turtle changed into an iron giant
 21250 | Gauntlet | Noticed an iron dragon
 21250 | Gauntlet | an iron giant changed into an iron dragon
 21261 | Gauntlet | Noticed a frost giant
 21261 | Gauntlet | an iron dragon changed into a frost giant
 21262 | Gauntlet | Noticed an eleionoma
 21262 | Gauntlet | a frost giant changed into an eleionoma
 21271 | Gauntlet | Noticed an iron giant
 21271 | Gauntlet | an eleionoma changed into an iron giant
 21272 | Gauntlet | Noticed a caustic shrike
 21272 | Gauntlet | an iron giant changed into a caustic shrike
 21274 | Gauntlet | Noticed a shadow dragon
 21274 | Gauntlet | a caustic shrike changed into a shadow dragon
 21283 | Gauntlet | Noticed an acid blob
 21283 | Gauntlet | a shadow dragon changed into an acid blob
 21284 | Gauntlet | Noticed an iron giant
 21284 | Gauntlet | an acid blob changed into an iron giant
 21288 | Gauntlet | Noticed a stone giant
 21288 | Gauntlet | a fire giant changed into a stone giant
 21289 | Gauntlet | Noticed a shadow dragon
 21289 | Gauntlet | an iron giant changed into a shadow dragon
 21290 | Gauntlet | Noticed a caustic shrike
 21290 | Gauntlet | a shadow dragon changed into a caustic shrike
 21316 | Gauntlet | Identified the ring "Keixaed" {rCorr EV+4 SInv Stlth-}
 21316 | Gauntlet | Noticed a minotaur
 21332 | Gauntlet | Killed a minotaur
 21630 | Gauntlet | Identified the ring of Ucet {Fly rPois Will+}
 21630 | Gauntlet | Identified the Grimoire of Transformation
 21630 | Gauntlet | Identified the +0 hat "Meotous" {rN+}
 21716 | Lair:4   | Reached skill level 1 in Staves
 22093 | Lair:4   | Found a glowing silver altar of Zin.
 22117 | Lair:4   | Reached XP level 14. HP: 54/117 MP: 0/0
 22737 | Lair:4   | Noticed Josephine
 22745 | Lair:4   | Killed Josephine
 22858 | Lair:4   | Found a staircase to the Shoals.
 22907 | Lair:4   | Reached skill level 13 in Fighting
 24041 | Lair:5   | Identified the +2 shortbow "Getsaq" {speed, Contam Int+8}
 25297 | D:12     | Noticed Nessos
 25305 | D:12     | HP: 3/120 [meliai/divine providence (11)]
 25795 | D:12     | Killed Nessos
 26174 | D:12     | Reached skill level 14 in Fighting
 27190 | D:12     | Reached XP level 15. HP: 126/126 MP: 0/0
 27190 | D:12     | Learned a level 6 spell: Iron Shot
 27344 | D:12     | Found a staircase to the Orcish Mines.
 27419 | D:12     | Reached skill level 5 in Shields
 28382 | D:13     | Reached skill level 1 in Crossbows
 30416 | D:14     | Reached **** piety under Ashenzari
 30729 | D:14     | Reached skill level 15 in Fighting
 30958 | D:14     | Found a gate to the Vaults.
 31081 | D:14     | Reached skill level 5 in Crossbows
 31583 | D:14     | Noticed a red very ugly thing
 31588 | D:14     | Reached XP level 16. HP: 126/137 MP: 0/0
 31628 | D:14     | Identified the Compendium of Ointment
 32256 | D:15     | Entered Level 15 of the Dungeon
 32790 | D:15     | Found a staircase to the Depths.
 33362 | D:15     | Found a runed translucent door.
 33362 | D:15     | Noticed SafestHooves's ghost (journeyman CeMo)
 34442 | Orc:1    | Entered Level 1 of the Orcish Mines
 34498 | Orc:1    | Found a shimmering altar of Xom.
 34537 | Orc:1    | Found Req Kuti's Distillery.
 34545 | Orc:1    | Bought a potion of resistance for 160 gold pieces
 34563 | Orc:1    | Noticed Erica
 34570 | Orc:1    | Killed Erica
 34896 | Orc:1    | Found a large runed translucent door.
 34896 | Orc:1    | Found a large runed translucent door.
 34898 | Orc:1    | Noticed lake5's ghost (journeyman GrEE)
 35088 | Orc:2    | Entered Level 2 of the Orcish Mines
 35110 | Orc:2    | Found an iron altar of Okawaru.
 35533 | Orc:2    | Reached ***** piety under Ashenzari
 36405 | Orc:2    | Reached skill level 1 in Throwing
 36720 | Orc:2    | Found a staircase to the Elven Halls.
 36754 | Orc:2    | Found Erim's General Store.
 36754 | Orc:2    | Found Adokherch's General Store.
 36756 | Orc:2    | Found Unial's General Store.
 36758 | Orc:2    | Found Fadiut's Antique Armour Shoppe.
 36977 | Orc:2    | Bought 2 potions of heal wounds for 140 gold pieces
 37219 | Lair:6   | Entered Level 6 of the Lair of Beasts
 38193 | Lair:6   | Reached XP level 17. HP: 139/145 MP: 0/0
 38193 | Lair:6   | Learned a level 6 spell: Starburst
 38216 | Lair:6   | Identified the +2 leather armour "Irihelim" {rN+ Dex+4}
 38261 | Lair:6   | Found a viscous altar of Jiyva.
 38261 | Lair:6   | Found a staircase to the Slime Pits.
 38909 | Lair:6   | Identified the Disquisition on Sinister Rites
 39495 | Spider:1 | Entered Level 1 of the Spider Nest
 39591 | Spider:1 | Reached skill level 5 in Staves
 39697 | Spider:1 | Noticed Agnes
 39704 | Spider:1 | Killed Agnes
 42099 | Spider:2 | Identified the +4 ring mail of Oblivion {rC+ Str+5 Int-3}
 43192 | Spider:3 | Identified the +1 scale mail of the Harp {Regen+ Int+4
                  | Dex-3}
 43196 | Spider:3 | Reached XP level 18. HP: 135/151 MP: 0/0
 44442 | Spider:4 | Entered Level 4 of the Spider Nest
 44526 | Spider:4 | Reached skill level 10 in Dodging
 45177 | Spider:4 | Reached skill level 16 in Fighting
 46922 | Spider:4 | Got a gossamer rune of Zot
 46964 | Spider:4 | Noticed Arachne
 47000 | Spider:4 | Killed Arachne
 47508 | Elf:1    | Entered Level 1 of the Elven Halls
 47849 | Elf:1    | Identified the Reference Book on Combat Magic
 47994 | Elf:1    | Reached skill level 17 in Fighting
 48191 | Elf:1    | Reached XP level 19. HP: 93/162 MP: 0/0
 48191 | Elf:1    | Learned a level 6 spell: Dispersal
 49088 | Elf:1    | Noticed Jorgrun
 49100 | Elf:1    | Killed Jorgrun
 49767 | Elf:1    | Found Suewk's Weapon Shoppe.
 50005 | Elf:2    | Identified the +8 whip of Foas {vorpal, Fly rF+ Will+}
 50176 | Elf:2    | Identified the +1 battleaxe of Pandemonium {freeze, rF+}
 50263 | Elf:2    | Found Sesyfrey's Magic Scroll Shoppe.
 50269 | Elf:2    | Reached skill level 10 in Shields
 50619 | Elf:2    | Found a runed translucent gate.
 50620 | Elf:2    | Found a runed translucent gate.
 50620 | Elf:2    | Found a runed translucent gate.
 51979 | Elf:3    | Entered Level 3 of the Elven Halls
 52329 | Orc:2    | Bought an ancient ring mail for 288 gold pieces
 52329 | Orc:2    | Identified the +1 ring mail "Houtitetao" {+Inv rElec Will+
                  | rCorr} (You bought it in a shop on level 2 of the Orcish
                  | Mines)
 52794 | Elf:3    | Reached skill level 18 in Fighting
 52873 | Elf:3    | Found Wagaeryff's Antique Armour Shoppe.
 53092 | Elf:3    | Identified Hitzipiff's Compendium of the Snowflakes
 53117 | Elf:3    | Paralysed by an air elemental for 1 turns
 53718 | Elf:3    | Noticed a Brimstone Fiend
 54260 | Elf:3    | Reached XP level 20. HP: 154/173 MP: 0/0
 54372 | Elf:3    | Identified the ring of the Jester {rPois rC- Str+3 Int+6
                  | Slay+3}
 54670 | Elf:3    | Identified the +6 falchion of Lezay {vorpal, rPois}
 54703 | Elf:3    | Identified the +3 broad axe "Emuf" {antimagic, rElec rPois
                  | rN+ rCorr}
 55786 | Elf:3    | Found the +8 longbow "Zephyr" {speed, Dex+3 SInv}
 55833 | Elf:3    | Identified the +1 plate armour "Orutofe" {+Blink rPois
                  | rCorr SInv}
 55833 | Elf:3    | Identified the +3 quarterstaff of Qahurgh {pain, Dex+6}
 56643 | Elf:3    | Bought a masterwork buckler for 389 gold pieces
 56643 | Elf:3    | Identified the +2 buckler of Jecleqo {+Blink Regen+} (You
                  | bought it in a shop on level 3 of the Elven Halls)
 56643 | Elf:3    | Bought glowing ice dragon scales for 2583 gold pieces
 57056 | Shoals:1 | Entered Level 1 of the Shoals
 57492 | Shoals:1 | Noticed Roxanne
 57503 | Shoals:1 | Killed Roxanne
 58004 | Shoals:2 | Noticed Polyphemus
 58027 | Shoals:2 | Killed Polyphemus
 58243 | Shoals:2 | Reached skill level 10 in Armour
 59026 | Shoals:3 | Found the +7 captain's cutlass {speed, disarm}
 59032 | Shoals:3 | Identified the +4 pair of boots of Gozag's Castigation
                  | {Contam Harm Will+ Slay+2}
 59259 | Shoals:4 | Entered Level 4 of the Shoals
 59557 | Shoals:4 | Noticed Mara
 59581 | Shoals:4 | Noticed porpoise's illusion
 59597 | Shoals:4 | Killed Mara
 60090 | Shoals:4 | Reached XP level 21. HP: 155/179 MP: 0/0
 60090 | Shoals:4 | Learned a level 7 spell: Dragon Form
 60169 | Shoals:4 | Identified the +3 war axe of Cocytus {venom, rPois rN+
                  | Str+2}
 60241 | Shoals:4 | Got a barnacled rune of Zot
 60338 | Shoals:4 | Identified the cursed scarf of Ashenzari's Repose
                  | {repulsion, Self, Cun} (You found it on level 2 of the
                  | Elven Halls)
 60338 | Shoals:4 | Identified the cursed +1 pair of gloves of Ashenzari's Moon
                  | {Dex+3, Range, Cun} (You found it in a Gauntlet)
 60338 | Shoals:4 | Identified the cursed +5 ring mail "Cosmic Atheism" {rC+,
                  | Self, Cun} (You took it off Edmund on level 5 of the
                  | Dungeon)
 60875 | Elf:2    | Bought a scroll of summoning for 123 gold pieces
 60875 | Elf:2    | Bought a scroll of enchant armour for 97 gold pieces
 61139 | Lair:1   | Upgraded the game from 0.28.0 to 0.28.0-1-gb440e238dd
 61359 | Vaults:1 | Entered Level 1 of the Vaults
 61636 | Vaults:1 | Found a transporter.
 61640 | Vaults:1 | Identified Zuosm's Tome of Fire and Attacks
 61641 | Vaults:1 | Found a one-way gate to the infinite horrors of the Abyss.
 61641 | Vaults:1 | Noticed heteroy's ghost (veteran GrEE)
 61690 | Vaults:1 | Found a transporter.
 62611 | Vaults:1 | Found Huomiuph's Antique Weapon Shoppe.
 62733 | Vaults:1 | Reached skill level 15 in Spellcasting
 62901 | Vaults:2 | Found a crumbling gateway.
 62922 | Desolati | Entered the Desolation of Salt
 63294 | Desolati | Identified the ring of Ozxext {rPois rF+ rC+}
 63436 | Desolati | Identified the Volume of the Blaze
 63448 | Desolati | Reached XP level 22. HP: 138/182 MP: 0/0
 63512 | Desolati | Identified Luhum's Catalogue of Dusty Envenoming
 63589 | Desolati | Identified the ring "Duol" {+Blink rPois rC- MP+9}
 63597 | Desolati | Identified the +5 mace "Concordance" {freeze, rN++ Str+3
                  | Dex-3}
 63600 | Desolati | Reached skill level 10 in Evocations
 63658 | Desolati | Identified the +1 plate armour "Xighipt" {Dex+3}
 63810 | Desolati | Identified the +7 quarterstaff of Mandamus {vorpal, rPois
                  | Str-3 Stlth+}
 63810 | Desolati | Identified the amulet of Qazlal's Castigation {Reflect
                  | Str+3 Dex+3 SH+5}
 63869 | Desolati | Identified the ring of the Final Decision {rC- rN+ Int+6
                  | Slay+5}
 63905 | Desolati | Identified the +9 hand crossbow of Generosity {penet, Dex+4
                  | SInv}
 63999 | Desolati | Identified the +9 rapier of the Final Friends {flame, SInv}
 64064 | Desolati | Identified the +2 halberd of Proximity {elec, rPois rCorr
                  | Str+3 Int-5}
 64069 | Desolati | Identified the +6 hunting sling of Division {flame, Will+
                  | MP+9 Int+4}
 64387 | Desolati | Identified Ygraotse's Handbook of Evil and Malediction
 64969 | Vaults:2 | Noticed Xtahua
 64997 | Vaults:2 | Killed Xtahua
 65008 | Vaults:2 | Reached skill level 5 in Throwing
 66587 | Vaults:3 | Found a portal to a secret trove of treasure.
 66843 | Vaults:3 | Reached XP level 23. HP: 151/192 MP: 0/0
 66843 | Vaults:3 | Learned a level 7 spell: Ozocubu's Refrigeration
 67554 | Vaults:3 | Found Poaqel's Magic Scroll Shoppe.
 67586 | Vaults:3 | Found Jirhuom's Antique Weapon Shop.
 67726 | Vaults:3 | Found a staircase to the Crypt.
 68049 | Vaults:3 | Reached skill level 10 in Stealth
 68139 | Vaults:3 | Found Buix's Jewellery Shoppe.
 68364 | Vaults:4 | Identified the +6 bardiche of the Vendetta {antimagic, rN+}
 68473 | Vaults:4 | Reached skill level 19 in Fighting
 69741 | Vaults:4 | Found a transporter.
 69978 | Vaults:4 | Found a transporter.
 70027 | Vaults:4 | Found a bloodstained altar of Trog.
 70027 | Vaults:4 | Identified the +3 battleaxe "Canicziv" {vorpal, Will+}
 70027 | Vaults:4 | Found the necklace of Bloodlust {*Rage Will++ Int-3 Slay+6}
 70046 | Vaults:5 | Entered Level 5 of the Vaults
 70090 | Vaults:5 | Reached skill level 15 in Dodging
 70207 | Vaults:5 | Noticed a dread lich
 70212 | Vaults:5 | Killed a dread lich
 70263 | Vaults:5 | Reached XP level 24. HP: 204/204 MP: 0/0
 70346 | Vaults:5 | Noticed a golden dragon
 70350 | Vaults:5 | Killed a golden dragon
 70685 | Vaults:5 | Noticed a golden dragon
 70701 | Vaults:5 | Killed a golden dragon
 70812 | Vaults:5 | Noticed an ancient lich
 70814 | Vaults:5 | Killed an ancient lich
 70987 | Vaults:5 | Identified the +4 battleaxe of the Rat {chaos, rElec MP+9}
 71370 | Vaults:5 | Identified the +8 dagger of Kadurat {flame, rC++ Str+3
                  | Stlth+}
 71414 | Vaults:5 | Noticed a dread lich
 71424 | Vaults:4 | Killed a dread lich
 72134 | Vaults:5 | Reached XP level 25. HP: 187/211 MP: 0/0
 72134 | Vaults:5 | Learned a level 8 spell: Summon Horrible Things
 72373 | Vaults:5 | Got a silver rune of Zot
 72764 | Vaults:5 | Identified the +0 pair of gloves of Elyvilon's Indignation
                  | {rPois}
 73601 | Slime:1  | Entered Level 1 of the Pits of Slime
 74336 | Slime:3  | Noticed Dissolution
 74402 | Slime:2  | Identified the cursed +5 ice dragon scales of Supernal
                  | Knowledge {rF- rC++, Cun, Self} (You bought it in a shop on
                  | level 3 of the Elven Halls)
 74624 | Slime:5  | Entered Level 5 of the Pits of Slime
 74865 | Slime:5  | Noticed the Royal Jelly
 74878 | Slime:5  | Killed the Royal Jelly
 74886 | Slime:5  | Gained mutation: Potions cannot restore your health. [a
                  | shining eye]
 74889 | Slime:5  | Gained mutation: Your body sometimes deteriorates upon
                  | taking damage. [a shining eye]
 75254 | Slime:5  | Reached skill level 15 in Shields
 75485 | Slime:5  | Identified the +8 dagger "Tyweq" {holy, Int+2}
 75487 | Slime:5  | Identified the +4 ring mail of the Hidden Vale {rF++ rCorr
                  | Int-5}
 75488 | Slime:5  | Identified the +1 leather armour of the Shoals {*Slow rC+++
                  | Str+4 Stlth+}
 75489 | Slime:5  | Identified the +5 hand crossbow of Turmoil {freeze, rC+
                  | Str+4}
 75490 | Slime:5  | Identified the +1 robe of Baj Atuh {rElec rN+++ Regen+
                  | Str+3 Int-3}
 75490 | Slime:5  | Identified the +5 plate armour "Jiupleb" {Contam rPois
                  | Str+7 Dex+4}
 75490 | Slime:5  | Identified the ring "Xahofruph" {*Slow rPois rF+ rN+++
                  | Str-2}
 75493 | Slime:5  | Identified the +0 ring mail of the Barnacle {MP+9 Int+3}
 75493 | Slime:5  | Identified the +7 mace of Integrity {vorpal, Str+4}
 75537 | Slime:5  | Got a slimy rune of Zot
 75940 | Lair:1   | Lost mutation: Your body sometimes deteriorates upon taking
                  | damage. [potion of mutation]
 75940 | Lair:1   | Lost mutation: Potions cannot restore your health. [potion
                  | of mutation]
 75940 | Lair:1   | Lost mutation: Potions are less effective at restoring your
                  | health. [potion of mutation]
 75940 | Lair:1   | Gained mutation: You passively map a small area around you.
                  | [potion of mutation]
 75940 | Lair:1   | Gained mutation: You sometimes lose the ability to read
                  | scrolls when taking damage. [potion of mutation]
 75940 | Lair:1   | Gained mutation: You possess an exceptional clarity of
                  | mind. [potion of mutation]
 75941 | Lair:1   | Lost mutation: You possess an exceptional clarity of mind.
                  | [potion of mutation]
 75941 | Lair:1   | Lost mutation: You passively map a small area around you.
                  | [potion of mutation]
 75941 | Lair:1   | Lost mutation: You sometimes lose the ability to read
                  | scrolls when taking damage. [potion of mutation]
 75941 | Lair:1   | Gained mutation: You are strong-willed. (Will+) [potion of
                  | mutation]
 76200 | Crypt:1  | Entered Level 1 of the Crypt
 76321 | Crypt:1  | Reached skill level 15 in Armour
 76378 | Crypt:1  | Noticed a royal mummy
 76379 | Crypt:1  | Noticed Khufu
 76379 | Crypt:1  | Noticed a royal mummy
 76412 | Crypt:1  | Killed Khufu
 76416 | Crypt:1  | Killed a royal mummy
 76418 | Crypt:1  | Killed a royal mummy
 76648 | Crypt:1  | Noticed Mennas
 76775 | Crypt:1  | Killed Mennas
 77108 | Crypt:1  | Reached XP level 26. HP: 182/218 MP: 0/0
 78143 | Crypt:3  | Entered Level 3 of the Crypt
 78549 | Crypt:3  | Found a staircase to the Tomb.
 78709 | Crypt:3  | Noticed Margery
 79178 | Crypt:3  | Killed Margery
 79412 | Crypt:3  | Identified the ring "Gobbenof" {rPois rF+}
 79448 | Crypt:3  | Reached skill level 10 in Throwing
 79618 | Crypt:3  | Found a basalt altar of Yredelemnul.
 79691 | Crypt:3  | Identified the amulet "Xaeliroz" {Regen+ rCorr}
 79722 | Crypt:3  | Identified the ring "Damnable Contraption" {rN+ Dex+4}
 80452 | Depths:1 | Entered Level 1 of the Depths
 80572 | Depths:1 | Found a gateway to Hell.
 80683 | Depths:1 | Noticed Nikola
 80689 | Depths:1 | Killed Nikola
 82076 | D:9      | Killed BeingJoeMalik's ghost
 82482 | D:15     | Killed SafestHooves's ghost
 82774 | Slime:3  | Killed Dissolution
 83005 | Orc:1    | Killed lake5's ghost
 83325 | Vaults:1 | Killed heteroy's ghost
 83342 | Vaults:1 | Gained mutation: You are weak. (Str -2) [a cacodemon]
 83438 | Vaults:1 | Voluntarily entered the Abyss.
 83665 | Vaults:1 | Escaped the Abyss
 83706 | Vaults:1 | Voluntarily entered the Abyss.
 84219 | Vaults:1 | Escaped the Abyss
 84475 | Depths:2 | Noticed Aizul
 84490 | Depths:1 | Killed Aizul
 84505 | Depths:1 | Reached XP level 27. HP: 193/218 MP: 0/0
 84505 | Depths:1 | Learned a level 9 spell: Polar Vortex
 84610 | Depths:2 | Found a one-way gate leading to the halls of Pandemonium.
 84732 | Depths:2 | Found Juikug's Armour Shop.
 84736 | Depths:2 | Found Num Xuac's Assorted Antiques.
 84737 | Depths:2 | Found Gytehefa's Book Shop.
 85501 | Depths:3 | Noticed a dread lich
 86545 | Depths:3 | Found a one-way gateway to a ziggurat.
 86825 | Depths:3 | Found a corrupted altar of Lugonu.
 87000 | Depths:3 | Killed a dread lich
 87400 | Depths:4 | Entered Level 4 of the Depths
 87468 | Depths:4 | Noticed a dread lich
 87473 | Depths:4 | Killed a dread lich
 87520 | Depths:4 | Killed by a reflected iron shot
                  | ... reflected by a tengu reaver

Illustrated notes

Levels and vault maps discovered:
D:1:      minmay_arrival_open_corners, layout_basic
D:2:      minmay_general_purpose_star, layout_basic,
          hellmonk_ecumenical_altar_pennies_from_heaven, nrook_loot_triangle
D:3:      minmay_angry_zag, layout_rooms, chequers_serial_rivers_micro_a,
          uniq_robin
D:4:      layout_basic
D:5:      layout_loops_ring, uniq_edmund, uniq_eustachio
D:6:      layout_loops_ring, centaur_isle, uniq_blork_the_orc
D:7:      layout_rooms, minmay_temple_entry_wispy, hex_tiny, uniq_joseph
D:8:      corexii_shack_village, layout_cave_pools, kennysheep_diamond
D:9:      layout_cave_pools, kennysheep_mini, gammafunk_ghost_nasty_kobolds,
          serial_bayou_crossing
D:10:     layout_long_grid, hangedman_decor_peaks_small
D:11:     layout_rooms, minmay_lair_entry_grove, portal_ice_cave_demonic_guard,
          uniq_nergalle, uniq_harold
D:12:     minmay_four_partial_circles, layout_long_grid, erik_orc_1,
          special_room [special_room_bee], uniq_nessos
D:13:     layout_small_grid
D:14:     cheibrodos_hippocracy, layout_long_grid,
          hangedman_vaults_entry_quadrant_bands
D:15:     hangedman_depths_entry_civil_slaughter, layout_basic, serial_curves,
          eino_curves_03, eino_curves_01, gammafunk_ghost_grave
Temple:   compressed_dpeg_triangle_lava_temple
Lair:1:   layout_small_grid
Lair:2:   layout_chaotic_city, nicolae_spider_entry_orb_guardian, basic_altar
Lair:3:   layout_cellular_growth, uniq_gastronok
Lair:4:   layout_loops_ring, elwin_shoals_entry_rocks, gauntlet_entry_generic,
          basic_altar, chequers_serial_rivers_small_a, uniq_josephine
Lair:5:   layout_loops_ring, lemuel_fruit_fields
Lair:6:   grunt_lair_end_beastmaster, layout_cave_pods, slime_altar_1
Shoals:1: layout_shoals, nicolae_shoals_dead_sea_scrolls, uniq_roxanne
Shoals:2: layout_shoals, yaktaur_hedge, uniq_polyphemus
Shoals:3: layout_shoals, nicolae_shoals_hidden_pirate_stash
Shoals:4: shoals_end_grunt_ice, layout_shoals, uniq_mara
Spider:1: layout_cave_pods, drop_trap, uniq_agnes
Spider:2: layout_spider_delve, special_room
Spider:3: layout_spider_delve, hangedman_spider_tarantella_strand
Spider:4: johnstein_spider_rune_arachne_lair
Slime:1:  layout_caves
Slime:2:  layout_caves
Slime:3:  layout_caves, uniq_dissolution
Slime:4:  layout_caves
Slime:5
Orc:1:    layout_diamond_mine, serial_shops, shop, ebering_ghost_disaster_area,
          basic_altar, uniq_erica
Orc:2:    st_orc_rangers, layout_caves, okawaru_metal_pillars_3
Elf:1:    nicolae_elf_arrival_no_cutting_in_line, layout_gridlike, serial_shops,
          nicolae_shop_bloodbath_and_beyond, minmay_elf_sorcery,
          roderic_three_in_a_row, grunt_megastairs_3, uniq_jorgrun
Elf:2:    nicolae_elf_blades_crystal_corner, layout_geoelf_octagon,
          serial_shops, shop_fountains
Elf:3:    elf_hall, layout_geoelf_castle, serial_shops, nicolae_shop_trees,
          nicolae_elf_loose_elemental_storage
Vaults:1: gammafunk_ghost_abyssal_escape, vaults_room_hallway, v_misc_3,
          hangedman_vaults_snaps, v_misc_11,
          hangedman_vaults_stretched_pinwheel, grunt_vaults_hallway_short,
          ontoclasm_vaults_idyll, ontoclasm_vaults_tryst,
          vaults_mumra_chevron_long, st_cross, hangedman_vaults_restitches,
          nicolae_vaults_border_crossing, vaults_mumra_lcd,
          vaults_room_door_ring, layout_vaults_maze_bifur, serial_shops,
          nicolae_shop_behind_doors
Vaults:2: portal_desolation_entry_nicolae_slug, hangedman_vaults_maws,
          vaults_room_door_ring, v_pattern_1, ontoclasm_vaults_claustrophobia,
          ontoclasm_vaults_decontamination, st_spiral_rooms,
          dpeg_vaults_monster_row, vaults_room_door_ring,
          ontoclasm_vaults_pinch, serial_ice_m, layout_vaults_ring, uniq_xtahua
Vaults:3: v_misc_2, hangedman_vaults_pinch, nicolae_vaults_network_barrier,
          ontoclasm_vaults_chip, vaults_room_grid, v_alt_pattern_4, v_pattern_4,
          layout_vaults_omnigrid, dummy_crypt_entry, enter_trove_0,
          serial_shops, nicolae_shop_behind_doors,
          nicolae_shop_advertising_works [nicolae_subvault_shop_adworks], shop
Vaults:4: emtedronai_trogs_sanctum, grunt_vaults_bifocal, grunt_vaults_focal,
          vaults_dpeg_spiral, nicolae_vaults_ninety_degrees,
          nicolae_vaults_little_squares_6, v_misc_17, v_misc_31,
          ontoclasm_vaults_gateway, vaults_room_ringed_pool,
          nicolae_vaults_shelves_hall, vaults_room_stairs_pillars,
          ontoclasm_vaults_loading_screen, vaults_room_fours,
          layout_vaults_big_cross, serial_shops
Vaults:5
Crypt:1:  layout_chaotic_city, nicolae_crypt_twisting_catacombs,
          grunt_ministairs_3, uniq_mennas, uniq_khufu
Crypt:2:  layout_catacombs, grunt_megastairs_1
Crypt:3:  lightli_unholy_cathedral, layout_chaotic_city,
          nicolae_tomb_entry_unfolded_pyramid_diagonal,
          amcnicky_mini_rare_corridor_liquid, lemuel_hellish_altar, uniq_margery
Depths:1: layout_basic, hell_entry, evilmike_butchery,
          roderic_lattice_octagonal_star, serial_bayou_shore_b,
          serial_bayou_shore_b, uniq_nikola
Depths:2: minmay_connected_triangles_in_corner, layout_gridville,
          rand_demon_pan_entry_5, hell_entry, minmay_staircase_windowed_small,
          minmay_shop_star, uniq_aizul
Depths:3: minmay_outward_triangles, layout_small_grid, enter_ziggurat_a,
          hellmouth_1, abyss_entry_flame_altar, lemuel_blue_sif_altar,
          serial_bayou_shore_a, infiniplex_staircase_pool_2
Depths:4: evilmike_zot_entry_diamond, layout_long_grid, minmay_misc_feat_doors,
          pan_entry, pf_coc_iceberg, minmay_serpent_palace, uniq_enchantress

Skill      XL: |  1  2  3  4  5  6  7  8  9 10 11 12 13 14 15 16 17 18 19 20 21 22 23 24 25 26 27 |
---------------+----------------------------------------------------------------------------------+-----
Fighting       | 1 2 3 5 6 8 9 11 12 14 15 17 18 19 | 19.0
Stealth        | 2 3 4 5 6 7 9 11 12 | 12.1
Spellcasting   | 4 5 6 7 8 10 12 13 14 15 16 17 18 | 18.2
Evocations     | 1 4 6 7 9 10 11 12 | 12.0
Dodging        | 5 7 9 11 12 13 15 | 15.6
Armour         | 2 3 5 7 8 10 12 14 15 16 17 | 17.7
Shields        | 3 4 5 7 9 11 13 15 16 | 16.7
Staves         | 1 2 4 8 9 |  9.5
Crossbows      | 5 7 |  7.6
Throwing       | 2 4 6 7 8 11 12 | 12.1

Action                   |  1- 3 |  4- 6 |  7- 9 | 10-12 | 13-15 | 16-18 | 19-21 | 22-24 | 25-27 || total
-------------------------+-------+-------+-------+-------+-------+-------+-------+-------+-------++-------
Melee: Short sword       |       |       |     1 |       |       |       |       |       |       ||     1
       Staff             |       |       |       |       |     5 |     5 |     9 |     9 |     1 ||    29
       Unarmed           |       |       |       |       |       |       |     8 |       |       ||     8
       Bite              |       |       |       |       |       |       |     4 |       |       ||     4
       Tailslap          |       |       |       |       |       |       |     3 |       |       ||     3
       Punch             |       |       |       |       |       |       |     2 |       |       ||     2
 Fire: Hunting sling     |       |    20 |    24 |   102 |    42 |       |       |       |       ||   188
       Hand crossbow     |       |       |       |       |    90 |   161 |    13 |    26 |    11 ||   301
Throw: Dart              |       |       |       |       |     3 |     1 |       |       |       ||     4
 Cast: Magic Dart        |    41 |    38 |       |     1 |     1 |     1 |     3 |       |       ||    85
       Searing Ray       |     4 |    18 |    42 |    47 |    45 |     7 |     1 |     4 |       ||   168
       Sandblast         |     8 |    16 |    21 |    89 |   218 |   141 |    29 |    10 |    10 ||   542
       Fulminant Prism   |       |     2 |    25 |    44 |    88 |    75 |    92 |    50 |    25 ||   401
       Iskenderun's Myst |       |     1 |    15 |    49 |    71 |    80 |    61 |    39 |    53 ||   369
       Summon Guardian G |       |       |     6 |     5 |     3 |     4 |     2 |       |     1 ||    21
       Ensorcelled Hiber |       |       |     2 |     1 |     2 |     3 |     8 |       |       ||    16
       Irradiate         |       |       |       |       |     3 |     6 |    16 |    15 |    13 ||    53
       Dazzling Flash    |       |       |       |       |     2 |       |     1 |       |       ||     3
       Animate Dead      |       |       |       |       |     2 |       |       |     1 |       ||     3
       Cause Fear        |       |       |       |       |     1 |       |     1 |       |     1 ||     3
       Iron Shot         |       |       |       |       |    40 |   245 |   392 |   456 |   660 ||  1793
       Starburst         |       |       |       |       |       |    25 |    21 |    13 |    12 ||    71
       Dragon Form       |       |       |       |       |       |       |     3 |       |     1 ||     4
       Dispersal         |       |       |       |       |       |       |     1 |     1 |     3 ||     5
       Ozocubu's Refrige |       |       |       |       |       |       |       |     2 |    30 ||    32
       Summon Horrible T |       |       |       |       |       |       |       |       |     7 ||     7
Invok: Curse Item        |       |       |       |     3 |     3 |     1 |     3 |     2 |       ||    12
       Shatter the Chain |       |       |       |       |       |       |     4 |     1 |     2 ||     7
 Abil: Evoke Invisibilit |       |       |     1 |       |     1 |     2 |       |       |       ||     4
       Evoke Blink       |       |       |       |       |       |       |       |       |     4 ||     4
Evoke: Wand              |       |       |       |     3 |     1 |     3 |     1 |       |       ||     8
       Condenser vane    |       |       |       |       |     1 |     1 |       |     1 |     1 ||     4
       Tin of tremorston |       |       |       |       |       |       |       |     2 |       ||     2
  Use: Scroll            |     1 |     7 |     6 |     6 |     5 |       |     8 |     1 |     3 ||    37
       Potion            |       |       |     2 |     3 |     6 |       |     3 |       |    10 ||    24
 Stab: Sleeping          |       |       |       |       |       |       |     1 |       |       ||     1
Armor: Robe              |     1 |     4 |     8 |       |       |       |       |       |       ||    13
       Ring mail         |       |       |       |    32 |    55 |    41 |    17 |       |       ||   145
       Ice dragon scales |       |       |       |       |       |       |    13 |    51 |    73 ||   137
       Skin              |       |       |       |       |       |       |     2 |       |       ||     2
Dodge: Dodged            |     4 |     9 |    50 |    63 |   158 |   152 |   108 |   102 |   113 ||   759
       Repelled          |       |       |       |       |       |       |     8 |     7 |     8 ||    23
Block: Buckler           |       |       |       |     7 |   110 |   132 |    58 |   102 |   119 ||   528
       Reflection        |       |       |       |       |    21 |    51 |     1 |    46 |    10 ||   129
       Other             |       |       |       |       |       |       |       |       |     1 ||     1
